 Dungeon Crawl Stone Soup version 0.21.1-1-g345015f (webtiles) character file.

75 nicolaieve the Chopper (level 4, -8/39 HPs)
             Began as a Minotaur Berserker on June 21, 2018.
             Was a Follower of Trog.
             Killed by divine providence
             ... invoked by an orc priest
              (12 damage)
             ... on level 3 of the Dungeon.
             The game lasted 00:04:04 (1104 turns).

nicolaieve the Chopper (Minotaur Berserker)         Turns: 1104, Time: 00:04:05

Health: -8/39      AC:  5    Str: 22    XL:     4   Next: 11%
Magic:  3/3        EV: 11    Int:  4    God:    Trog [*.....]
Gold:   42         SH:  0    Dex: 10    Spells: 3/3 levels left

rFire    . . .     SeeInvis .   a - +0 hand axe
rCold    . . .     Gourm    .   (no shield)
rNeg     . . .     Faith    .   i - +0 ring mail
rPois    .         Spirit   .   (helmet restricted)
rElec    .         Reflect  .   (no cloak)
rCorr    .         Harm     .   (no gloves)
MR       .....                  (no boots)
Stlth    ..........             (no amulet)
HPRegen  0.13/turn              (no ring)
MPRegen  0.08/turn              (no ring)

@: no status effects
A: retaliatory headbutt, horns 2
a: Berserk, Burn Spellbooks, Renounce Religion


You were on level 3 of the Dungeon.
You worshipped Trog.
Trog was aware of your devotion.
You were not hungry.

You visited 1 branch of the dungeon, and saw 3 of its levels.

You collected 42 gold pieces.

Inventory:

Hand Weapons
 a - a +0 hand axe (weapon)
 k - a +4 mace
Armour
 b - a +0 animal skin
 d - a +0 leather armour
 i - a +0 ring mail (worn)
Jewellery
 m - a +3 ring of strength {unknown}
Scrolls
 e - 3 scrolls of identify {unknown}
 f - a scroll of fog {unknown}
 o - 2 scrolls of remove curse {unknown}
 p - a scroll of random uselessness {unknown}
Potions
 g - a potion of ambrosia {unknown}
 h - 2 potions of mutation {unknown}
 j - a potion of curing {unknown}
 l - a potion of resistance {unknown}
Comestibles
 c - 3 rations


   Skills:
 - Level 3.6 Fighting
 + Level 6.1 Axes
 - Level 2.4 Armour
 - Level 2.1 Dodging


You had 3 spell levels left.
You didn't know any spells.

Dungeon Overview and Level Annotations

Branches:
Dungeon (3/15)

Altars:
Cheibriados
Yredelemnul


Innate Abilities, Weirdness & Mutations

You reflexively headbutt those who attack you in melee.
You have a pair of horns on your head.


Message History

* * * LOW HITPOINT WARNING * * *
Your ring mail prevents you from hitting the orc priest.
The orc priest is almost dead.
You barely miss the orc. The orc hits you.
* * * LOW HITPOINT WARNING * * *
The orc priest barely misses you. You furiously retaliate!
You headbutt the orc priest.
You kill the orc priest!
Trog accepts your kill.
Your Axes skill increases to level 6!
You have reached level 4!
You feel agile.
You hit the orc.
You kill the orc!
Trog accepts your kill.
An orc priest comes into view. It is wielding a hand axe.
The orc priest shouts!
The orc priest mumbles some strange prayers to Beogh against you.
Beogh smites you!
You die...

### ######### ..
#.......# ##.###
#.#####.# #..o.
#.#...#.# #)[#
#.#.#.#.####..#
#######.........@...#
.....)........####.##
#.......#.#...# ....
#.#...........# #.###
#.#.###.##.)..# #.#
#.#...#.#.....# #.#
......#.#.....# #.#
#.#...#.#...... ..
#.#.#.#.# .


You could see an orc priest.

Vanquished Creatures
  An orc priest (D:3)
  An adder (D:2)
  An ooze (D:2)
  2 dart slugs
  An orc (D:3)
  A ball python (D:2)
  4 bats
  3 giant cockroaches
  3 goblins
  2 hobgoblins (D:2)
  3 kobolds
  5 rats
27 creatures vanquished.

Notes
Turn   | Place    | Note
-------+----------+-------------------------------------------
     0 | D:1      | nicolaieve the Minotaur Berserker began the quest for the Orb.
     0 | D:1      | Reached XP level 1. HP: 19/19 MP: 0/0
    46 | D:1      | Reached skill level 4 in Axes
   199 | D:1      | Reached XP level 2. HP: 21/26 MP: 1/1
   564 | D:2      | Reached skill level 5 in Axes
   579 | D:2      | Reached XP level 3. HP: 16/31 MP: 2/2
   725 | D:2      | Found a snail-covered altar of Cheibriados.
   917 | D:2      | Found a basalt altar of Yredelemnul.
  1101 | D:3      | Reached skill level 6 in Axes
  1101 | D:3      | Reached XP level 4. HP: 4/39 MP: 3/3
  1104 | D:3      | Killed from afar by an orc priest

Skill      XL: |  1  2  3 |
---------------+----------+-----
Axes           | 4 5 6 |  6.1
Fighting       | |  3.6
Armour         | |  2.4
Dodging        | |  2.1

Action                   |  1- 3 |  4- 6 || total
-------------------------+-------+-------++-------
Melee: Hand axe          |    59 |     1 ||    60
       Headbutt          |     8 |     1 ||     9
  Eat: Chunk             |     1 |       ||     1
Armor: Leather armour    |     1 |       ||     1
       Ring mail         |    18 |       ||    18
Dodge: Dodged            |    27 |       ||    27
